Map: King's Cove LE

Players

LegiaPoland

  • Race: Terran Terran
  • Spawn Location: 11:00

Dathan - Winner!

  • Race: Protoss Protoss
  • League: Silver
  • Spawn Location: 5:00

VOD

Have the link to the VOD?

Description

....

Time

  • Played on: July 14, 2019, 6:05 a.m.
  • Length: 6:51
Show
View Real Time Build Order
Export as new Build Order

LegiaPoland Terran 

Build Orders:  

Get SALT Encoding   

  12  0:06  SCV  
  13  0:25  Supply Depot, SCV  
  14  0:37  SCV  
  15  0:49  SCV  
  16  1:01  Barracks  
  16  1:05  SCV  
  16  1:08  Refinery  
  17  1:17  SCV  
  18  1:30  SCV  
  19  1:42  SCV  
  20  1:54  SCV  
  21  1:56  Supply Depot, Barracks Tech Lab  
  21  2:06  SCV  
  22  2:17  Reaper  
  23  2:29  Supply Depot  
  23  2:49  Refinery, Reaper  
  24  3:02  Factory  
  24  3:10  Orbital Command  
  24  3:12  Engineering Bay  
  24  3:21  Marine  
  25  3:39  Marine  
  26  3:51  Missile Turret  
  26  3:57  Marine  
  27  4:15  Marine  
  27  4:39  Factory Tech Lab  
  27  4:43  Marine  
  27  4:56  Sensor Tower  
  27  5:01  Marine  
  28  5:18  Siege Tank  
  31  5:23  Command Center  
  31  5:39  Starport  
  31  5:44  Armory  
  31  5:51  Siege Tank  
  34  6:04  Command Center  
Show
View Real Time Build Order
Export as new Build Order

Dathan Protoss - Winner!

Build Orders:  

Get SALT Encoding   

  12  0:03  Probe  
  13  0:15  Probe  
  13  0:20  Pylon  
  14  0:28  Probe  
  15  0:41  Gateway  
  15  0:48  Assimilator  
  15  0:49  Probe  
  16  1:01  Probe  
  17  1:07  Pylon  
  17  1:13  Probe  
  18  1:29  Zealot  
  18  1:31  Cybernetics Core  
  20  1:33  Probe  
  21  1:41  Probe  
  22  1:56  Zealot  
  24  2:10  Nexus  
  24  2:16  Warp Gate  
  24  2:18  Probe  
  25  2:23  Adept  
  27  2:32  Probe, Assimilator  
  28  2:49  Robotics Facility  
  28  2:53  Stalker  
  30  3:00  Gateway  
  30  3:11  Gateway, Probe  
  30  3:19  Probe  
  32  3:29  Gateway  
  32  3:38  Gateway  
  33  3:41  Probe  
  33  3:55  Gateway  
  31  4:10  Stalker  
  31  4:14  Stalker  
  35  4:23  Pylon  
  35  4:30  Stalker x2  
  39  4:45  Stalker  
  41  4:58  Stalker  
  41  4:59  Stalker  
  45  5:03  Zealot  
  47  5:16  Zealot, Pylon  
  47  5:20  Sentry  
  47  5:21  Sentry  
  53  5:35  Zealot x2  
  55  5:41  Observer  
  58  5:52  Twilight Council  
  58  5:55  Stalker  
  48  6:49  Stalker  
  50  6:50  Stalker  
Tags
 
League
Silver
Matchup
PvT
Spawn Locations
Cross Positions
Add a new tag
Caveats
  • Supply blocks, unpowered buildings, or Contaminate may cause inaccurate times.
  • Supply counts are checked every 10 seconds.